 Dungeon Crawl Stone Soup version 0.29.0-11-gd7f09526c8 (webtiles) character file.

Game seed: 7098226845345649956

89903 Shayle the Fighter (level 15, -9/100 HPs)
             Began as a Tengu Brigand on Sept 2, 2022.
             Was a Believer of Ashenzari.
             Blown up by an orb spider (52 damage)
             ... with an orb of destruction
             ... on level 2 of the Spider Nest on Sept 4, 2022.
             The game lasted 02:36:19 (32707 turns).

Shayle the Fighter (Tengu Brigand)                 Turns: 32707, Time: 02:36:19

Health: -9/100     AC: 20    Str: 12      XL:     15   Next: 98%
Magic:  21/21      EV: 22    Int: 15 (17) God:    Ashenzari [**....]
Gold:   925        SH:  6    Dex: 17      Spells: 2/34 levels left

rFire   + + +      SeeInvis +   m - +8 flail "Wymeo" {spect, rF+ rCorr MP-9}
rCold   . . .      Faith    .   O - +0 buckler
rNeg    + . .      Spirit   .   d - +2 ring mail {rPois}
rPois   +          Reflect  .   D - +2 hat of the Distant Sage {+Blink rN+, Fort, Alch} (curse)
rElec   +          Harm     .   c - +2 cloak
rCorr   +          Rampage  .   a - +0 pair of gloves of New Discoveries {rElec}
Will    +....                   (boots unavailable)
Stlth   ++++......              T - amulet of regeneration
HPRegen 1.06/turn               l - ring of the Elysian Sage {rF++ EV+4, Bglg, Self} (curse)
MPRegen 0.17/turn               s - ring "Pangnostic Chagrin" {AC+4, Elem, Evo} (curse)

@: flying quickly and evasively, studying Transmutations, quick
A: beak, talons 3, nimble flight
a: Renounce Religion, Evoke Blink, Curse Item, Shatter the Chains


You were on level 2 of the Spider Nest.
You worshipped Ashenzari.
Ashenzari was pleased with you.
You visited 5 branches of the dungeon, and saw 23 of its levels.
You also visited: Ossuary, Gauntlet and Ice Cave.

You collected 3067 gold pieces.
You spent 2142 gold pieces at shops.

Inventory:

Hand Weapons
 m - the +8 flail "Wymeo" (weapon) {spect, rF+ rCorr MP-9}
   (You took it off a minotaur in a Gauntlet)

   When its wielder attacks, the weapon's spirit leaps out and strikes again.
   The spirit shares a part of any damage it takes with its wielder.
   rF:        It protects you from fire.
   MP:        It affects your magic capacity (-9).
   rCorr:     It protects you from acid and corrosion.
 U - a +3 demon trident of electrocution
Missiles
 e - 6 curare-tipped darts
 n - 3 silver javelins
 p - 2 throwing nets
 I - 3 atropa-tipped darts (quivered)
Armour
 a - the +0 pair of gloves of New Discoveries (worn) {rElec}
   (You found it on level 2 of the Lair of Beasts)

   rElec:     It insulates you from electricity.
 c - a +2 cloak (worn)
 d - a +2 ring mail of poison resistance (worn)
 t - a +2 robe of resistance
 D - the cursed +2 hat of the Distant Sage (worn) {+Blink rN+, Fort, Alch}
   (You acquired it on level 2 of the Lair of Beasts)

   rN:        It protects you from negative energy.
   +Blink:    It lets you blink.
   It has a curse which improves the following skills: Fortitude: Armour and
   Shields.
   Alchemy:   Poison Magic and Transmutations.
 O - a +0 buckler (worn)
 S - +0 steam dragon scales
Jewellery
 l - the cursed ring of the Elysian Sage (left hand) {rF++ EV+4, Bglg, Self}
   (You acquired it on level 6 of the Dungeon)

   [ring of evasion]

   EV:        It affects your evasion (+4).
   rF:        It greatly protects you from fire.
   It has a curse which improves the following skills: Beguiling: Conjurations,
   Hexes and Translocations.
   Introspection: Fighting and Spellcasting.
 s - the cursed ring "Pangnostic Chagrin" (right hand) {AC+4, Elem, Evo}
   (You found it on level 3 of the Dungeon)

   [ring of protection]

   AC:        It affects your AC (+4).
   It has a curse which improves the following skills: Elements: Fire Magic, Ice
   Magic, Air Magic and Earth Magic.
   Evocations: Evocations.
 C - a ring of magical power
 T - an amulet of regeneration (around neck)
Wands
 f - a wand of charming (4)
 o - a wand of mindburst (2)
 F - a wand of light (6)
 P - a wand of iceblast (7)
 W - a wand of flame (45)
Scrolls
 b - a scroll of silence
 g - a scroll of poison
 h - 3 scrolls of immolation
 i - 6 scrolls of vulnerability
 k - 3 scrolls of torment
 q - 2 scrolls of summoning
 u - 2 scrolls of butterflies
 v - 3 scrolls of amnesia
 w - 3 scrolls of blinking
 x - 2 scrolls of magic mapping
 y - 7 scrolls of teleportation
 L - 2 scrolls of fear
Potions
 j - 3 potions of curing
 r - 2 potions of invisibility
 z - 5 potions of mutation
 A - 4 potions of cancellation
 B - 4 potions of attraction
 G - 4 potions of might
 H - 5 potions of haste
 K - 4 potions of magic
 M - 3 potions of brilliance
 N - 2 potions of heal wounds
 R - a potion of ambrosia
 X - 2 potions of resistance
 Z - 3 potions of lignification
Miscellaneous
 E - a phantom mirror
 J - a condenser vane


   Skills:
 + Level 12.8(14.0) Fighting
 - Level 4.9 Short Blades
 - Level 2.1 Throwing
 - Level 8.7(10.0) Armour
 - Level 9.4 Dodging
 - Level 10.3 Stealth
 - Level 6.5(7.8) Shields
 - Level 9.0(10.2) Spellcasting
 - Level 10.1(11.4) Conjurations
 - Level 2.1(3.1) Hexes
 * Level 8.2(9.5) Transmutations
 - Level 8.6(9.9) Fire Magic
 - Level 3.3(4.4) Ice Magic
 - Level 6.5(7.8) Air Magic
 - Level 6.1(7.3) Earth Magic
 - Level 2.3(3.3) Evocations


You had 2 spell levels left.
You knew the following spells:

 Your Spells              Type           Power      Damage    Failure   Level
a - Ensorcelled Hibernat  Hex/Ice        38%        N/A       7%          2
b - Sticky Flame          Conj/Fire      39%        2d6       2%          4
c - Iron Shot             Conj/Erth      17%        9d4       58%         6
d - Airstrike             Air            15%        2d(3-19)  9%          4
e - Iskenderun's Battles  Conj           41%        2d9       6%          5
f - Freezing Cloud        Conj/Ice/Air   15%        6-21      24%         5
g - Statue Form           Tmut/Erth      22%        N/A       71%         6

Your spell library contained the following spells:

 Spells                   Type           Power      Damage    Failure   Level
 Beastly Appendage        Tmut           72%        N/A       1%          1
 Sandblast                Erth           58%        2d13      1%          1
 Shock                    Conj/Air       100%       1d9       1%          1
 Passwall                 Tmut/Erth      27%        N/A       1%          2
 Wereblood                Tmut           36%        N/A       1%          2
 Necrotise                Necr           28%        1d5       22%         1
 Summon Small Mammal      Summ           28%        N/A       22%         1
 Blink                    Tloc           16%        N/A       32%         2
 Call Imp                 Summ           7%         N/A       34%         2
 Sublimation of Blood     Necr           7%         N/A       34%         2
 Conjure Flame            Conj/Fire      39%        6-21      1%          3
 Stone Arrow              Conj/Erth      70%        3d11      1%          3
 Swiftness                Air            31%        N/A       2%          3
 Ignite Poison            Fire/Tmut/Pois 27%        N/A       4%          3
 Mephitic Cloud           Conj/Pois/Air  27%        N/A       4%          3
 Petrify                  Tmut/Erth      33%        N/A       7%          4
 Spider Form              Tmut/Pois      22%        N/A       10%         3
 Fulminant Prism          Conj/Hex       14%        3d9       11%         4
 Iskenderun's Mystic Bla  Conj/Tloc      24%        2d7       22%         4
 Leda's Liquefaction      Hex/Erth       11%        N/A       26%         4
 Lee's Rapid Deconstruct  Erth           14%        3d10*     30%         5
 Summon Guardian Golem    Hex/Summ       12%        N/A       34%         3
 Summon Lightning Spire   Summ/Air       19%        N/A       41%         4
 Gell's Gravitas          Tloc           8%         N/A       54%         3
 Lesser Beckoning         Tloc           8%         N/A       54%         3
 Silence                  Hex/Air        12%        N/A       54%         5
 Call Canine Familiar     Summ           7%         N/A       56%         3
 Vampiric Draining        Necr           7%         2d6       56%         3
 Metabolic Englaciation   Hex/Ice        9%         N/A       78%         5
 Passage of Golubria      Tloc           8%         N/A       91%         4
 Agony                    Necr           7%         N/A       99%         5
 Manifold Assault         Tloc           8%         N/A       99%         5
 Haunt                    Necr/Summ      3%         N/A       100%        7
 Malign Gateway           Summ/Tloc      3%         N/A       100%        7
 Spellforged Servitor     Conj/Summ      12%        N/A       100%        7
 Summon Hydra             Summ           3%         N/A       100%        7
 Lehudib's Crystal Spear  Conj/Erth      17%        10d5      100%        8
 Maxwell's Capacitive Co  Air            15%        ∞         100%        8


Dungeon Overview and Level Annotations

Branches:
Dungeon (13/15)            Temple (1/1) D:4            Lair (5/5) D:8
 Shoals (0/4) Lair:3       Spider (2/4) Lair:3        Slime (0/5) Lair:4
    Orc (2/2) D:11            Elf (0/3) Orc:2       Ossuary (visited)
  IceCv (visited)         Gauntlet (visited)
 Vaults: D:13-14

Altars:
Ashenzari
Cheibriados
Dithmenos
Elyvilon
Fedhas
Gozag
Hepliaklqana
Kikubaaqudgha
Makhleb
Nemelex Xobeh
Okawaru
Qazlal
Ru
Sif Muna
Trog
Uskayaw
Vehumet
Wu Jian
Xom
Yredelemnul
Zin
The Shining One
Jiyva

Shops:
D:2 ***(   D:4 *   D:6 (   D:12 (   Orc:2 =!?(


Innate Abilities, Weirdness & Mutations

You have a beak for a mouth.
You have claws for feet.
Your magical nature lets you fly swiftly and evasively.


Message History

Your spectral weapon shares its damage with you!
The orb spider begins to weave its threads into a brightly glowing ball.
The wolf spider hits you but does no damage.
The wolf spider completely misses you.
The jumping spider pounces on your +8 flail "Wymeo" {spect, rF+ rCorr MP-9}.
The jumping spider bites your +8 flail "Wymeo" {spect, rF+ rCorr MP-9}.
Your spectral weapon shares its damage with you!
You hit the wolf spider.
The wolf spider is lightly wounded.
Your +8 flail "Wymeo" {spect, rF+ rCorr MP-9} completely misses the wolf spider.
The wolf spider hits you! The wolf spider completely misses you.
The jumping spider pounces on your +8 flail "Wymeo" {spect, rF+ rCorr MP-9}!
Your spectral weapon shares its damage with you!
The jumping spider barely misses your +8 flail "Wymeo" {spect, rF+ rCorr MP-9}.
A tarantella comes into view.
The wolf spider completely misses you. The wolf spider barely misses you.
Unknown command.
The tarantella's many legs skitter faintly.
You sock the wolf spider!
The wolf spider is moderately wounded.
Your +8 flail "Wymeo" {spect, rF+ rCorr MP-9} hits the wolf spider!!
The wolf spider completely misses you. The wolf spider barely misses you.
The jumping spider pounces on you but does no damage.
You block the jumping spider's attack.
The wolf spider hits you but does no damage.
The wolf spider completely misses you.
The jumping spider leaps!
You hit the wolf spider. You claw the wolf spider.
The wolf spider is almost dead.
Your +8 flail "Wymeo" {spect, rF+ rCorr MP-9} hits the wolf spider.
You block the wolf spider's attack.
The wolf spider bites you but does no damage.
The wolf spider hits you! The wolf spider bites you.
The orb spider weaves a glowing orb of energy.
An orb of destruction comes into view.
You hit the wolf spider.
You kill the wolf spider!
The jumping spider misses you. The jumping spider closely misses you.
The orb of destruction hits you!!!
Ouch! That really hurt!
You die...

#.......... ,..# *, ,
##........# ,..## , *
#.....,...* .... * ,
#..#.##.# #..#. #) *
##......####..... ...
##..^......§.#,* ,..<#
#...#.....#..## .(..#
#..^..##..##..##...#..
####..##..^..s@......#
#^.####...##○§.s.^.# ,
##..# #####.☼.##....
#.<## *..s## ... ##..#
##... * ,. , * ...# **
*##.. , , , , ...## ,*
##.. , ##[.# , ,, .# *
*,, #... * * , ^ , ,


You could see an orb spider, a jumping spider and a tarantella.

Vanquished Creatures
  An orc warlord (Orc:2)
  An emperor scorpion (Spider:1)
  A ghost moth (Lair:3)
  A white draconian (IceCv)
  A minotaur (Gauntlet)
  3 boulder beetles
  An ice dragon (Lair:5)
  9 hydras
  2 ogre magi (Orc:2)
  A jorogumo (Spider:1)
  An anaconda (Lair:5)
  2 two-headed ogres
  2 alligators (Lair:5)
  A radroach (Spider:1)
  3 death yaks (Lair:4)
  A skeletal warrior (D:13)
  A sun moth (Spider:1)
  6 orb spiders
  Pikel (D:6)
  4 lindwurms
  10 wolf spiders
  9 orc sorcerers
  2 manticores (D:11)
  A moth of wrath (Spider:1)
  4 cyclopes
  A guardian serpent (Lair:4)
  8 black mambas
  8 elephants
  2 ice statues (IceCv)
  8 torpor snails
  12 cane toads
  Maggie (Lair:1)
  Psyche (D:10)
  2 demonic crawlers
  2 unseen horrors
  5 rime drakes
  7 komodo dragons
  2 ice devils (D:11)
  5 trolls
  3 polar bears
  8 hornets (Lair:5)
  15 blink frogs
  4 tarantellas
  3 tyrant leeches (Lair:5)
  Prince Ribbit (D:6)
  7 culicivoras
  10 jumping spiders
  2 vampires
  27 yaks
  2 shadows
  3 small abominations (Gauntlet)
  15 wyverns
  3 basilisks
  5 wraiths
  15 redbacks
  5 steam dragons
  Menkaure (D:4)
  4 vampire mosquitoes (D:12)
  2 wargs
  3 acid dragons
  23 water moccasins
  A swamp drake (D:11)
  17 orc warriors
  A sky beast (D:6)
  4 black bears
  2 ice beasts
  37 wolves
  15 ogres
  5 centaurs
  A lemure (D:5)
  A phantom (D:6)
  2 kobold brigands
  A gnoll sergeant (D:11)
  6 bullfrogs
  2 necrophages
  4 scorpions
  17 wights
  12 killer bees
  2 lindwurm simulacra (IceCv)
  7 howler monkeys
  An electric eel (Lair:5)
  5 komodo dragon simulacra (IceCv)
  4 human zombies (Ossuary)
  4 jellies
  6 hounds
  A gnoll bouda (D:7)
  14 orc priests
  30 orc wizards
  11 hell rats
  4 mummies (Ossuary)
  5 acid dragon simulacra (IceCv)
  12 gnolls
  6 adders
  3 white imps
  2 ufetubi
  7 steam dragon simulacra (IceCv)
  2 worms
  4 dart slugs (D:1)
  78 orcs
  10 ball pythons
  3 bats
  11 endoplasms
  A giant cockroach (D:3)
  8 goblins
  11 hobgoblins
  3 jackals (D:5)
  4 quokkas
  2 frilled lizards
  A gnoll zombie (Ossuary)
  A goblin zombie (Ossuary)
  15 kobolds
  A kobold zombie (Ossuary)
  An orc zombie (Ossuary)
  4 rats
706 creatures vanquished.

Vanquished Creatures (collateral kills)
  2 elephants (Lair:1)
  A rime drake (IceCv)
  2 wolves (Lair:1)
  A bullfrog (Lair:1)
  A lindwurm simulacrum (IceCv)
  A komodo dragon simulacrum (IceCv)
8 creatures vanquished.

Vanquished Creatures (others)
  A black bear (Lair:1)
  6 wolves (Lair:1)
  An orc wizard (Orc:2)
  40 fungi
  76 plants
124 creatures vanquished.

Grand Total: 838 creatures vanquished

Notes
Turn   | Place    | Note
-------+----------+-------------------------------------------
     0 | D:1      | Shayle the Tengu Brigand began the quest for the Orb.
     0 | D:1      | Reached XP level 1. HP: 12/12 MP: 2/2
   155 | D:1      | Found a faded altar of an unknown god.
   201 | D:1      | Reached XP level 2. HP: 17/17 MP: 3/3
   365 | D:1      | Reached XP level 3. HP: 13/21 MP: 4/4
   378 | D:1      | Learned a level 2 spell: Ensorcelled Hibernation
   877 | D:2      | Found Rugg's Assorted Antiques.
   886 | D:2      | Bought a scroll labelled ZESUYS CIMALY for 18 gold pieces
   886 | D:2      | Bought a scroll labelled FURAMP KATUGH for 18 gold pieces
   886 | D:2      | Bought a scroll labelled ZIM XOARUMM for 18 gold pieces
  1151 | D:2      | Found Myofeitt's Assorted Antiques.
  1166 | D:2      | Found Wily's Weapon Shoppe.
  1199 | D:2      | Found Anker's General Store.
  1539 | D:2      | Reached XP level 4. HP: 27/27 MP: 6/6
  1550 | D:2      | Reached skill level 1 in Spellcasting
  2726 | D:3      | Gained mutation: Your magical nature lets you fly swiftly
                  | and evasively. [Tengu growth]
  2726 | D:3      | Reached XP level 5. HP: 28/31 MP: 7/7
  2929 | D:3      | Found a sacrificial altar of Ru.
  2962 | D:3      | Found a basalt altar of Yredelemnul.
  3005 | D:4      | Noticed Menkaure
  3207 | D:4      | Reached skill level 1 in Hexes
  3207 | D:4      | Reached skill level 1 in Ice Magic
  3304 | D:4      | Found a burning altar of Makhleb.
  3347 | D:4      | Reached skill level 3 in Fighting
  3368 | D:4      | Found a staircase to the Ecumenical Temple.
  3375 | Temple   | Entered the Ecumenical Temple
  3546 | Temple   | Became a worshipper of Ashenzari the Shackled
  3650 | D:4      | Noticed an ice beast
  3659 | D:5      | Entered Level 5 of the Dungeon
  3708 | D:5      | Reached XP level 6. HP: 37/37 MP: 9/9
  3803 | D:5      | Found a sand-covered staircase.
  3811 | Ossuary  | Entered an ossuary
  3873 | Ossuary  | Reached XP level 7. HP: 36/41 MP: 11/11
  3928 | Ossuary  | Reached skill level 5 in Stealth
  4934 | D:5      | Reached skill level 1 in Evocations
  4934 | D:5      | Reached XP level 8. HP: 48/48 MP: 3/13
  5083 | D:5      | Reached skill level 4 in Fighting
  5289 | D:5      | Learned a level 4 spell: Sticky Flame
  5819 | D:6      | Reached skill level 1 in Conjurations
  5875 | D:6      | Noticed Prince Ribbit
  5882 | D:6      | Killed Prince Ribbit
  5883 | D:6      | Reached skill level 1 in Fire Magic
  5948 | D:6      | Noticed Pikel
  6174 | D:6      | Reached XP level 9. HP: 52/52 MP: 13/15
  6244 | D:6      | Acquired the ring "Dorenikke" {rF++ EV+4}
  6295 | D:6      | Killed Pikel
  6296 | D:6      | Reached skill level 5 in Dodging
  6850 | D:6      | Reached skill level 5 in Fighting
  7057 | D:6      | Found Ytiaret's Weapon Shop.
  7437 | D:7      | Found an opulent altar of Gozag.
  7930 | D:7      | Reached XP level 10. HP: 59/59 MP: 10/17
  8038 | D:7      | Reached skill level 5 in Conjurations
  9508 | D:8      | Noticed an elephant
  9541 | D:8      | Killed an elephant
  9542 | D:8      | Reached skill level 6 in Fighting
  9695 | D:8      | Reached skill level 5 in Spellcasting
  9727 | D:8      | Found a staircase to the Lair.
 10071 | D:8      | Noticed a two-headed ogre
 10077 | D:8      | Killed a two-headed ogre
 10078 | D:8      | Reached skill level 5 in Fire Magic
 10497 | D:9      | Reached XP level 11. HP: 56/65 MP: 20/20
 10531 | D:9      | Found an ornate altar of the Wu Jian Council.
 10706 | D:9      | Reached * piety under Ashenzari
 11357 | D:9      | Reached skill level 7 in Fighting
 11801 | D:4      | Found Tiworr's Overcharged Wands.
 12076 | D:4      | Identified Sif Muna's Anthology of Beckoning and the
                  | Excursion
 12400 | D:4      | Killed Menkaure
 12727 | Lair:1   | Entered Level 1 of the Lair of Beasts
 12727 | Lair:1   | Noticed a five-headed hydra
 12738 | Lair:1   | Killed a five-headed hydra
 13207 | Lair:1   | Noticed Maggie
 13302 | Lair:1   | Killed Maggie
 13570 | Lair:2   | Identified the +0 pair of gloves of New Discoveries {rElec}
 13890 | Lair:2   | Reached XP level 12. HP: 56/75 MP: 15/24
 13956 | Lair:1   | Reached skill level 8 in Fighting
 14832 | Lair:2   | Identified the +7 hand axe "Cuiklof" {spect, Int-5 Dex+4}
 14969 | Lair:2   | Acquired the +2 hat of the Hall of Blades {+Blink rN+}
 15078 | Lair:2   | Identified the Writings on the Charged Map
 15546 | Lair:3   | Reached skill level 10 in Stealth
 15654 | Lair:3   | Noticed a five-headed hydra
 15676 | Lair:3   | Killed a one-headed hydra
 15684 | Lair:3   | Reached skill level 10 in Conjurations
 15772 | Lair:3   | Found a staircase to the Shoals.
 16039 | Lair:3   | Reached XP level 13. HP: 36/81 MP: 3/26
 16239 | Lair:3   | Learned a level 6 spell: Iron Shot
 16396 | Lair:3   | Found a hole to the Spider Nest.
 16452 | Lair:3   | Reached skill level 9 in Fighting
 16452 | Lair:3   | Reached skill level 1 in Armour
 16705 | Lair:4   | Reached skill level 1 in Earth Magic
 16947 | Lair:4   | Found a staircase to the Slime Pits.
 16948 | Lair:4   | Found a viscous altar of Jiyva.
 17722 | Lair:5   | Entered Level 5 of the Lair of Beasts
 17735 | Lair:5   | Identified the +2 scale mail of Fedhas's Felicitations
                  | {+Blink}
 18057 | Lair:5   | Reached skill level 1 in Shields
 18185 | Lair:5   | Paralysed by a hornet for 3 turns
 18992 | Lair:5   | Reached skill level 10 in Fighting
 19113 | Lair:5   | Reached skill level 5 in Armour
 19337 | Lair:5   | Reached XP level 14. HP: 81/90 MP: 28/28
 19697 | Lair:5   | Found the +3 giant club "Skullcrusher" {speed, Str+7}
 20097 | Lair:5   | Reached skill level 5 in Shields
 20767 | Lair:5   | Found a runed translucent door.
 21181 | Lair:5   | Paralysed by a hornet for 1 turns
 21196 | Lair:5   | Reached skill level 11 in Fighting
 21557 | D:10     | Entered Level 10 of the Dungeon
 22196 | D:10     | Noticed Psyche
 22200 | D:10     | Killed Psyche
 22387 | D:11     | Reached skill level 5 in Earth Magic
 22389 | D:11     | Found a frozen archway.
 22437 | IceCv    | Entered an ice cave
 23336 | IceCv    | Identified the ring "Qurpho" {Fire Will++ Int+3}
 23340 | IceCv    | Noticed a white draconian
 23340 | IceCv    | Identified the ring "Guivul" {Fire rPois}
 23395 | IceCv    | Killed a white draconian
 23602 | D:11     | Learned a level 4 spell: Airstrike
 23809 | D:12     | Reached ** piety under Ashenzari
 24488 | D:11     | Reached skill level 1 in Air Magic
 25123 | D:11     | Found a staircase to the Orcish Mines.
 25137 | Orc:1    | Entered Level 1 of the Orcish Mines
 25203 | Orc:1    | Reached XP level 15. HP: 71/97 MP: 19/30
 25212 | Orc:2    | Entered Level 2 of the Orcish Mines
 25215 | Orc:2    | Found a staircase to the Elven Halls.
 25592 | Orc:2    | Found Xosuugi's Jewellery Shop.
 25597 | Orc:2    | Paralysed by an ogre mage for 5 turns
 25607 | Orc:2    | Paralysed by an ogre mage for 2 turns
 25658 | Orc:2    | Found Xomukkur's Distillery.
 25692 | Orc:2    | Bought a potion of resistance for 160 gold pieces
 25692 | Orc:2    | Bought a potion of heal wounds for 80 gold pieces
 25692 | Orc:2    | Bought a potion of resistance for 160 gold pieces
 25692 | Orc:2    | Bought a potion of heal wounds for 80 gold pieces
 25692 | Orc:2    | Bought a potion of curing for 48 gold pieces
 25715 | Orc:2    | Found an ancient bone altar of Kikubaaqudgha.
 25782 | Orc:2    | Reached skill level 5 in Air Magic
 25927 | Orc:2    | Found a radiant altar of Vehumet.
 25954 | Orc:2    | Found Ywniasti's Antique Weapon Shop.
 25955 | Orc:2    | Found Tioxasin's Magic Scroll Boutique.
 25987 | Orc:2    | Bought 2 scrolls of acquirement for 1560 gold pieces
 25987 | Orc:2    | Acquired a Trismegistus Codex
 26088 | Orc:2    | Learned a level 5 spell: Iskenderun's Battlesphere
 26254 | Orc:2    | Found an iron altar of Okawaru.
 26932 | Orc:1    | Noticed an orc warlord
 27070 | Orc:2    | Killed an orc warlord
 27686 | D:12     | Acquired a book of Blasting
 28095 | D:12     | Found Robeungo's Antique Weapon Emporium.
 28423 | D:13     | Found a gate leading to a gauntlet.
 28504 | Gauntlet | Entered a Gauntlet
 28504 | Gauntlet | Found a transporter.
 28512 | Gauntlet | Found a transporter.
 28513 | Gauntlet | Found a transporter.
 28519 | Gauntlet | Found a transporter.
 28527 | Gauntlet | Found a transporter.
 28528 | Gauntlet | Found a transporter.
 28539 | Gauntlet | Found a transporter.
 28540 | Gauntlet | Found a transporter.
 28545 | Gauntlet | Found a transporter.
 28550 | Gauntlet | Found a transporter.
 28554 | Gauntlet | Found a transporter.
 28562 | Gauntlet | Found a transporter.
 28584 | Gauntlet | Found a transporter.
 28608 | Gauntlet | Found a transporter.
 28663 | Gauntlet | Learned a level 5 spell: Freezing Cloud
 28670 | Gauntlet | Learned a level 6 spell: Statue Form
 29214 | Gauntlet | Identified the +8 flail "Wymeo" {spect, rF+ rCorr MP-9}
 29225 | Gauntlet | Reached skill level 12 in Fighting
 29225 | Gauntlet | Reached skill level 1 in Transmutations
 29855 | Spider:1 | Entered Level 1 of the Spider Nest
 30284 | Spider:1 | Noticed a ghost moth
 30435 | Lair:3   | Killed a ghost moth
 31029 | Spider:1 | Noticed an emperor scorpion
 31200 | Spider:1 | Killed an emperor scorpion
 31201 | Spider:1 | Reached skill level 5 in Transmutations
 32707 | Spider:2 | Blown up by an orb spider

Illustrated notes

Levels and vault maps discovered:
D:1:      dpeg_arrival_simpleton_c, layout_loops_ring,
          chequers_ecumenical_altar_grove, st_stairs_14
D:2:      layout_basic, serial_shops, shop, nicolae_diamond_shop,
          nicolae_shop_stone, nicolae_shop_advertising_works
          [nicolae_subvault_shop_adworks], minmay_tetromino_t2
D:3:      layout_rooms, mainiacjoe_overflow_swirl
D:4:      minmay_octagon_keep, layout_basic, lightli_temple_of_fire,
          temple_green, nicolae_shop_overcharged_wands, uniq_menkaure
D:5:      layout_basic, lightli_ossuary_entry_decrepit_ruins, feat_on_display
D:6:      layout_basic, serial_shops, nicolae_shop_trees, uniq_pikel,
          uniq_prince_ribbit1
D:7:      layout_layer_cave, grunt_gozag_breadcrumbs
D:8:      cheibrodos_steamvent, layout_basic, david_lair_generic
D:9:      layout_long_grid, mainiacjoe_overflow_tiny_flanked,
          kennysheep_generic_room_15
D:10:     layout_irregular_city, uniq_psyche
D:11:     layout_cave_pools, erik_orc_1, special_room [special_room_orc],
          portal_ice_cave_demonic_guard
D:12:     layout_irregular_city, serial_shops, nicolae_square_shop
D:13:     layout_grid_maze, gauntlet_entry_generic
Temple:   minmay_crystal_spiral_temple
Lair:1:   layout_hall_layers, grunt_forest_large_clearings, uniq_maggie
Lair:2:   layout_cave_pods, nicolae_lair_lindhole, infiniplex_staircase_pool_2,
          serial_bayou_shore_b, grunt_megastairs_1
Lair:3:   layout_big_grid, elwin_shoals_entry_rooms,
          nicolae_spider_entry_orb_guardian, grunt_megastairs_3
Lair:4:   layout_loops_ring, slime_entry_1, st_stairs_7
Lair:5:   hangedman_lair_tendril_chambers, layout_gridlike, wormcave,
          minmay_shattered_shrine
Spider:1: layout_spider_delve
Spider:2: layout_spider_delve, uniq_nikola
Orc:1:    layout_diamond_mine, basic_altar
Orc:2:    kennysheep_orc_mage_school, layout_diamond_mine, basic_altar,
          statue_in_the_mist_lemuel, okawaru_metal_pillars_1_2

Skill      XL: |  1  2  3  4  5  6  7  8  9 10 11 12 13 14 15 |
---------------+----------------------------------------------+-----
Spellcasting   | 1 2 3 4 5 6 7 9 |  9.0
Dodging        | 2 3 4 5 7 8 9 |  9.4
Short Blades   | 3 4 |  4.9
Hexes          | 1 2 |  2.1
Ice Magic      | 1 2 3 |  3.3
Fighting       | 3 4 5 6 7 8 10 11 12 | 12.8
Stealth        | 5 6 8 9 10 | 10.3
Evocations     | 1 2 |  2.3
Conjurations   | 2 4 6 8 10 | 10.1
Fire Magic     | 1 4 5 7 8 |  8.6
Armour         | 5 8 |  8.7
Earth Magic    | 3 5 6 |  6.1
Shields        | 3 6 |  6.5
Air Magic      | 2 6 |  6.5
Transmutations | 8 |  8.2
Throwing       | |  2.1

Action                   |  1- 3 |  4- 6 |  7- 9 | 10-12 | 13-15 || total
-------------------------+-------+-------+-------+-------+-------++-------
Melee: Dagger            |    71 |   102 |   166 |    39 |       ||   378
       Peck              |    10 |    22 |    36 |   109 |   306 ||   483
       Kick              |    13 |    24 |    63 |   182 |   508 ||   790
       Punch             |     1 |       |     2 |     5 |     2 ||    10
       Hand axe          |       |       |    18 |    54 |   171 ||   243
       Short sword       |       |       |       |   428 |   615 ||  1043
       Demon trident     |       |       |       |       |   260 ||   260
       Flail             |       |       |       |       |    82 ||    82
Throw: Dart              |       |     3 |       |       |     6 ||     9
 Cast: Ensorcelled Hiber |       |     1 |    57 |   134 |   216 ||   408
       Sticky Flame      |       |       |       |    21 |   144 ||   165
       Airstrike         |       |       |       |       |    88 ||    88
       Freezing Cloud    |       |       |       |       |    16 ||    16
       Iskenderun's Batt |       |       |       |       |     1 ||     1
Invok: Curse Item        |       |       |     1 |     1 |     1 ||     3
 Abil: Evoke Blink       |       |       |       |       |     1 ||     1
Evoke: Wand              |       |       |     3 |    24 |    26 ||    53
  Use: Potion            |       |     1 |     1 |     1 |    13 ||    16
       Scroll            |       |     5 |     5 |     6 |    12 ||    28
 Stab: Sleeping          |     8 |    10 |    46 |    79 |    89 ||   232
       Distracted        |     2 |       |       |     2 |    10 ||    14
       Invisible         |       |       |       |       |     7 ||     7
       Fleeing           |       |       |       |       |     1 ||     1
Armor: Robe              |    13 |    14 |    33 |     7 |       ||    67
       Steam dragon scal |       |       |       |   141 |   281 ||   422
       Ring mail         |       |       |       |       |   109 ||   109
Dodge: Dodged            |    44 |    45 |   116 |   932 |  1686 ||  2823
Block: Buckler           |       |       |       |       |   451 ||   451
